 Dungeon Crawl Stone Soup version 0.28.0-47-ge53b351184 (webtiles) character file.

Game seed: 1614147150454689610

7 Antesink77 the Skirmisher (level 2, -3/24 HPs)
             Began as a Human Berserker on May 7, 2022.
             Was a Follower of Trog.
             Slain by a gnoll
             ... wielding a +0 flail
              (6 damage)
             ... on level 2 of the Dungeon.
             The game lasted 00:02:11 (198 turns).

Antesink77 the Skirmisher (Human Berserker)          Turns: 198, Time: 00:02:12

Health: -3/24      AC:  2    Str: 17    XL:     2   Next: 10%
Magic:  2/2        EV: 12    Int:  7    God:    Trog [*.....]
Gold:   10         SH:  0    Dex: 12    Spells: 1/1 levels left

rFire   . . .      SeeInvis .   a - +0 spear
rCold   . . .      Faith    .   (no shield)
rNeg    . . .      Spirit   .   b - +0 animal skin
rPois   .          Reflect  .   (no helmet)
rElec   .          Harm     .   (no cloak)
rCorr   .          Rampage  .   (no gloves)
Will    .....                   (no boots)
Stlth   +.........              (no amulet)
HPRegen 0.08/turn               (no ring)
MPRegen 0.08/turn               (no ring)

@: no status effects
A: no striking features
a: Renounce Religion, Berserk


You were on level 2 of the Dungeon.
You worshipped Trog.
Trog was aware of your devotion.
You visited 1 branch of the dungeon, and saw 2 of its levels.

You collected 10 gold pieces.

Inventory:

Hand Weapons
 a - a +0 spear (weapon)
Armour
 b - a +0 animal skin (worn)
Scrolls
 c - a scroll of vulnerability {unknown}
 d - a scroll of teleportation {unknown}


   Skills:
 + Level 3.2 Fighting
 + Level 3.2 Polearms
 + Level 2.0 Armour
 + Level 2.0 Dodging


You had one spell level left.
You didn't know any spells.
Your spell library was empty.

Dungeon Overview and Level Annotations

Branches:
Dungeon (2/15)

Altars:


Message History

You hit the kobold but do no damage.
The kobold hits you with a +0 short sword.
You completely miss the kobold. The kobold closely misses you.
You hit the kobold but do no damage. Your punch misses the kobold.
The kobold barely misses you.
You hit the kobold.
The kobold is moderately wounded.
The kobold misses you.
You hit the kobold.
You kill the kobold!
Trog accepts your kill.
You have reached level 2!
You closely miss the giant cockroach.
The giant cockroach completely misses you.
You hit the giant cockroach.
The giant cockroach is heavily wounded.
The giant cockroach bites you but does no damage.
You hit the giant cockroach.
You kill the giant cockroach!
Trog accepts your kill.
Items here: ( ) ††.
d - a scroll labelled KIOTZOACEY
There is a stone staircase leading down here.
Unknown command.
There is a stone staircase leading down here.
There are no items here.
There are no items here.
Unknown command.
You climb downwards.
The gnoll shouts! x3; The frilled lizard hisses angrily.
The gnoll shouts!
The hobgoblin shouts!
Found 12 gold pieces, a short sword and a fizzy white potion.
There is a stone staircase leading up here.
The gnoll hits you with a +0 flail.
You see here 12 gold pieces.
You barely miss the hobgoblin. You barely miss the hobgoblin.
The gnoll hits you with a +0 whip.
* * * LOW HITPOINT WARNING * * *
The gnoll hits you with a +0 flail.
You die...

##. #.. .
#####.# .#
#.....# ..
#...l.###.#
#.........#
#........#
#..g@g..#
#...gg..g#
#.!..).......
##########.##
#


You could see 4 gnolls, a hobgoblin and a frilled lizard.

Vanquished Creatures
  A giant cockroach (D:1)
  2 hobgoblins (D:1)
  2 kobolds (D:1)
  A frilled lizard (D:1)
  A rat (D:1)
7 creatures vanquished.

Notes
Turn   | Place    | Note
-------+----------+-------------------------------------------
     0 | D:1      | Antesink77 the Human Berserker began the quest for the Orb.
     0 | D:1      | Reached XP level 1. HP: 18/18 MP: 1/1
    90 | D:1      | Found a faded altar of an unknown god.
   178 | D:1      | Reached XP level 2. HP: 14/24 MP: 2/2
   198 | D:2      | Slain by a gnoll

Illustrated notes

Levels and vault maps discovered:
D:1:      onia_arrival_pyramid, layout_basic, serial_shops, shop,
          shapermc_ecumenical_altar_mp_urbaneastern
D:2:      layout_loops_cross, basic_altar, serial_shops,
          nicolae_shop_advertising_works [nicolae_subvault_shop_adworks],
          hangedman_abyss_or_decor_stabs, uniq_jessica, uniq_terence

Action                   || total
-------------------------++-------
Melee: Spear             ||    26
Armor: Animal skin       ||     3
Dodge: Dodged            ||    15
